 Dungeon Crawl Stone Soup version 0.29.0-4-gdea44cf6ec (webtiles) character file.

Game seed: 3145996077984328252

46 qw the Vexing (level 3, 0/35 HPs)
             Began as an Ogre Enchanter on Sept 3, 2022.
             Slain by an orc
             ... wielding a +0 dagger
              (1 damage)
             ... on level 4 of the Dungeon.
             The game lasted 00:01:27 (2391 turns).

qw the Vexing (Ogre Enchanter)                      Turns: 2391, Time: 00:01:27

Health: 0/35       AC:  3    Str: 14    XL:     3   Next: 68%
Magic:  6/6        EV:  9    Int: 16    God:
Gold:   72         SH:  0    Dex:  9    Spells: 6/6 levels left

rFire   . . .      SeeInvis .   Y - +0 whip
rCold   . . .      Faith    .   (no shield)
rNeg    . . .      Spirit   .   b - +0 robe
rPois   .          Reflect  .   (helmet restricted)
rElec   .          Harm     .   (no cloak)
rCorr   .          Rampage  .   (gloves unavailable)
Will    .....                   (boots unavailable)
Stlth   ++........              i - amulet of regeneration
HPRegen 0.91/turn               (no ring)
MPRegen 0.10/turn               (no ring)

@: lethally poisoned (0 -> -3)
A: large, unfitting armour, tough skin 1
a: no special abilities


You were on level 4 of the Dungeon.
You visited 1 branch of the dungeon, and saw 3 of its levels.

You collected 72 gold pieces.


Innate Abilities, Weirdness & Mutations

You are too large for most types of armour.
You have tough skin. (AC +1)


   Skills:
 - Level 2.0 Fighting
 - Level 0.8 Short Blades
 + Level 2.6 Axes
 - Level 1.7 Dodging
 - Level 2.1 Stealth
 - Level 2.4 Spellcasting
 - Level 2.6 Hexes


You had 6 spell levels left.
You didn't know any spells.
Your spell library contained the following spells:

 Spells                   Type           Power      Damage    Failure   Level
 Ensorcelled Hibernation  Hex/Ice        12%        N/A       17%         2
 Confusing Touch          Hex            10%        N/A       21%         3
 Tukima's Dance           Hex            10%        N/A       21%         3
 Dazzling Flash           Conj/Hex       12%        N/A       34%         3

Inventory:

Hand Weapons
 Y - a +0 whip (weapon)
Armour
 b - a +0 robe (worn)
Jewellery
 c - a ring of flight
 i - an amulet of regeneration (around neck)
Scrolls
 a - a scroll of vulnerability {unknown}
 d - a scroll of identify
Potions
 e - a potion of curing
 f - a potion of attraction {unknown}
 g - a potion of flight {unknown}
 h - a potion of ambrosia {unknown}
 k - a potion of heal wounds {unknown}

Dungeon Overview and Level Annotations

Branches:
Dungeon (2/15)

Altars:


Message History

The orc closely misses you.
You hit the orc.
The orc is moderately wounded.
The orc barely misses you. The goblin barely misses you.
You hit the orc but do no damage.
The orc is moderately wounded.
The goblin barely misses you. The orc completely misses you.
You closely miss the orc.
The orc is moderately wounded.
The orc hits you with a +0 dagger.
The goblin hits you with a +1 dagger of venom.
You are poisoned.
The orc closely misses you.
The orc hits you with a +0 vampiric dagger.
The orc draws strength from your wounds!
The goblin closely misses you.
You hit the orc.
The orc is moderately wounded.
You feel very sick. The orc hits you with a +0 dagger.
Something hits you but does no damage.
The orc hits you with a +0 vampiric dagger.
The goblin hits you but does no damage.
You are more poisoned.
You hit the orc but do no damage.
The orc is moderately wounded.
You feel very sick. The orc hits you but does no damage. Something hits you.
The orc hits you with a +0 vampiric dagger.
The orc draws strength from your wounds!
The goblin closely misses you.
You hit the orc but do no damage.
You feel very sick. The orc hits you with a +0 dagger. Something hits you.
The orc hits you with a +0 vampiric dagger.
The goblin hits you but does no damage.
You hit the orc.
The orc is lightly wounded.
You feel very sick. The orc hits you with a +0 dagger.
You die...

##### ###@o.# ##
##.go{.##.#
##..#...........
#..............#
#............####
.............##
#..#...........
## ##....###.#..
.....# .#.##


You could see 2 orcs and a goblin.

Vanquished Creatures
  An adder (D:2)
  2 dart slugs
  An orc (D:4)
  4 endoplasms
  A giant cockroach (D:1)
  5 jackals (D:2)
  2 quokkas (D:1)
  3 bats
  2 frilled lizards (D:2)
  3 goblins
  2 kobolds
  6 rats
32 creatures vanquished.

Notes
Turn   | Place    | Note
-------+----------+-------------------------------------------
     0 | D:1      | qw the Ogre Enchanter began the quest for the Orb.
     0 | D:1      | Reached XP level 1. HP: 16/16 MP: 3/3
     0 | D:1      | 0 ||| qw: Version: 0.1-a-102-g441f92d
     0 | D:1      | 0 ||| qw: Game counter: 5256
     0 | D:1      | 0 ||| qw: Always use a shield: true
     0 | D:1      | 0 ||| qw: God list: Okawaru
     0 | D:1      | 0 ||| qw: Allow faded altars: false
     0 | D:1      | 0 ||| qw: Do Orc after D:15 true
     0 | D:1      | 0 ||| qw: Do second Lair branch before Depths: true
     0 | D:1      | 0 ||| qw: Lair rune preference: random
     0 | D:1      | 0 ||| qw: Plans: Normal
     0 | D:1      | 0 ||| PLANNING D:1-11
    55 | D:1      | 55 ||| SWAPPING to +0 whip.
    56 | D:1      | 56 ||| DROPPING +1 dagger.
   259 | D:1      | Reached skill level 1 in Axes
   609 | D:1      | Reached skill level 1 in Fighting
   609 | D:1      | Reached XP level 2. HP: 25/27 MP: 5/5
   750 | D:1      | 750 ||| Stepping ~*~*~tactically~*~*~ (stealth).
  1359 | D:1      | Found a faded altar of an unknown god.
  1543 | D:1      | 1543 ||| UPGRADING to amulet of regeneration.
  1548 | D:1      | 1548 ||| READING 4 scrolls labelled XUSMED MISS.
  1549 | D:1      | 1549 ||| READING scroll labelled GOIFISAUPH.
  1550 | D:1      | 1550 ||| READING scroll labelled CYIJAU DELO.
  1551 | D:1      | 1551 ||| READING scroll labelled DEUPHUE IMEKHLIE.
  1552 | D:1      | 1552 ||| READING 3 scrolls of identify.
  1552 | D:1      | 1552 ||| IDENTIFYING inky potion
  1553 | D:1      | 1553 ||| READING 2 scrolls of identify.
  1553 | D:1      | 1553 ||| IDENTIFYING murky ruby potion
  1554 | D:1      | 1554 ||| DROPPING 2 potions of invisibility.
  1555 | D:1      | 1555 ||| DROPPING potion of lignification.
  1888 | D:2      | Reached XP level 3. HP: 26/35 MP: 6/6
  2356 | D:2      | You fall into a shaft and drop 2 floors!
  2358 | D:4      | 2358 ||| Stepping ~*~*~tactically~*~*~ (stealth).
  2359 | D:4      | 2359 ||| Stepping ~*~*~tactically~*~*~ (stealth).
  2376 | D:4      | 2376 ||| Stepping ~*~*~tactically~*~*~ (outnumbered).
  2377 | D:4      | 2377 ||| Stepping ~*~*~tactically~*~*~ (outnumbered).
  2378 | D:4      | 2378 ||| Stepping ~*~*~tactically~*~*~ (outnumbered).
  2390 | D:4      | HP: 8/35 [orc/+0 dagger (1)]
  2390 | D:4      | HP: 3/35 [orc/+0 vampiric dagger (1)]
  2391 | D:4      | HP: 1/35 [poisoned by a goblin]
  2391 | D:4      | Slain by an orc

Levels and vault maps discovered:
D:1:      dpeg_arrival_snail, layout_basic,
          shapermc_ecumenical_altar_hornbeckon, nrook_uturn,
          minmay_crystal_water, minmay_pentomino_o2
D:2:      layout_basic
D:4:      layout_cave_pools, amcnicky_altar_gilded,
          minmay_temple_entry_statues_fountains, uniq_ijyb, uniq_pikel

Skill      XL: |  1  2  3 |
---------------+----------+-----
Axes           | 1 2 |  2.6
Fighting       | 1 2 |  2.0
Short Blades   | |  0.8
Dodging        | |  1.7
Stealth        | |  2.1
Spellcasting   | |  2.4
Hexes          | |  2.6

Action                   || total
-------------------------++-------
Melee: Whip              ||   159
       Punch             ||     2
  Use: Scroll            ||     6
 Stab: Sleeping          ||     1
Armor: Robe              ||    43
Dodge: Dodged            ||    95

Table legend:
 A = Non-vault XP
 B = Vault XP
 C = Vault XP percentage of total XP
 D = Non-vault monster count
 E = Vault monster count
 F = Vault count percentage of total count
                 A         B        C        D         E       F
            +---------+---------+-------+---------+---------+-------
      Total |      66 |       1 |   1.5 |      31 |       1 |   3.1
            +---------+---------+-------+---------+---------+-------
        D:1 |      26 |       1 |   3.7 |      16 |       1 |   5.9
        D:2 |      37 |       0 |   0.0 |      14 |       0 |   0.0
        D:4 |       3 |       0 |   0.0 |       1 |       0 |   0.0
            +---------+---------+-------+---------+---------+-------
